 Dungeon Crawl Stone Soup version 0.29-a0-670-g5ff2a30383 (console) character file.

Game seed: 1694896840677145477

150 CannotBeFrozen the Slasher (level 4, -12/36 HPs)
             Began as a Demigod Warper on June 24, 2022.
             Mangled by Menkaure (20 damage)
             ... on level 4 of the Dungeon.
             The game lasted 00:07:50 (2670 turns).

CannotBeFrozen the Slasher (Demigod Warper)         Turns: 2670, Time: 00:07:51

Health: -12/36     AC:  4    Str: 12    XL:     4   Next: 84%
Magic:  9/9        EV: 12    Int: 15    God:
Gold:   185        SH:  0    Dex: 17    Spells: 5/7 levels left

rFire   . . .      SeeInvis .   a - +0 falchion
rCold   . . .      Faith    .   (no shield)
rNeg    . . .      Spirit   .   b - +0 leather armour
rPois   .          Reflect  .   (no helmet)
rElec   .          Harm     .   s - +0 cloak
rCorr   .          Rampage  .   (no gloves)
Will    +....                   (no boots)
Stlth   +.........              (no amulet)
HPRegen 0.12/turn               m - +4 ring of slaying
MPRegen 0.11/turn               u - ring of willpower

@: no status effects
A: high MP 1, forlorn, divine attributes
a: no special abilities


You were on level 4 of the Dungeon.
You visited 1 branch of the dungeon, and saw 4 of its levels.

You collected 185 gold pieces.

Inventory:

Hand Weapons
 a - a +0 falchion (weapon)
Missiles
 d - 7 boomerangs of dispersal {=f =F}
 l - 24 stones
 n - 2 poisoned darts (quivered)
 v - 3 javelins
Armour
 b - a +0 leather armour (worn)
 s - a +0 cloak (worn)
 w - a +0 ring mail
Jewellery
 m - a +4 ring of slaying (left hand)
 p - a ring of fire
 q - a ring of ice
 u - a ring of willpower (right hand)
Scrolls
 c - 2 scrolls of blinking
 f - 2 scrolls of enchant armour {unknown}
 g - a scroll of poison {unknown}
 i - 2 scrolls of amnesia {unknown}
 j - 2 scrolls of fear {unknown}
 t - a scroll of brand weapon {unknown}
Potions
 e - a potion of haste {unknown}
 h - 2 potions of mutation
 k - 4 potions of curing {@q1}
 o - 2 potions of heal wounds {unknown}
 r - a potion of degeneration {unknown}


   Skills:
 - Level 1.7 Fighting
 - Level 4.0 Long Blades
 - Level 1.5 Throwing
 - Level 0.8 Armour
 - Level 1.7 Dodging
 - Level 2.0 Spellcasting
 + Level 3.4 Translocations


You had 5 spell levels left.
You knew the following spells:

 Your Spells              Type           Power      Damage    Failure   Level
z - Blink                 Tloc           22%        N/A       11%         2

Your spell library contained the following spells:

 Spells                   Type           Power      Damage    Failure   Level
 Gell's Gravitas          Tloc           11%        N/A       21%         3
 Lesser Beckoning         Tloc           11%        N/A       21%         3
 Teleport Other           Tloc           11%        N/A       21%         3
 Beastly Appendage        Tmut           2%         N/A       28%         1
 Necrotize                Necr           4%         1d4       28%         1
 Wereblood                Tmut           1%         N/A       38%         2
 Spider Form              Tmut/Pois      1%         N/A       63%         3
 Vampiric Draining        Necr           1%         2d6       63%         3
 Manifold Assault         Tloc           11%        N/A       88%         5
 Agony                    Necr           1%         N/A       100%        5


Dungeon Overview and Level Annotations

Branches:
Dungeon (3/15)

Annotations:
D:3 3 runed translucent doors, Armakuni's ghost, weakling HuAr
D:4 Menkaure


Innate Abilities, Weirdness & Mutations

You have an increased reservoir of magic. (+10% MP)
You shall have no god before yourself.
Your divine heritage dramatically boosts your attributes as you level up.


Message History

Your Translocations skill increases to level 3!
You see here a scorpion corpse.
n - a poisoned dart
n - 2 poisoned darts (gained 1) Menkaure, Prince of Dust comes into view.
Menkaure shouts!
You hear an angry hiss.
You see here a poisoned dart.
You aren't carrying any items that you can evoke.
Unknown command.
Okay, then.
A ball python comes into view.
You see here a poisoned dart.
Okay, then.
Press: ? - help, v - describe, . - travel
Here: Menkaure The floor.
Unknown command.
Throw: 4 javelins
Press: ? - help, Shift-Dir - straight line, f - Menkaure
Aim: Menkaure (77% to hit)
You throw a javelin. The javelin pierces through Menkaure.
Menkaure is moderately damaged.
You slash Menkaure!
Menkaure is severely damaged.
Menkaure closely misses you.
You hit Menkaure.
Menkaure is almost destroyed.
Menkaure hits you!
HP: 27/36 (-9) =========--- !!
You barely miss Menkaure.
Menkaure is almost destroyed.
Menkaure hits you!!
Ouch! That really hurt!
* * * LOW HITPOINT WARNING * * *
HP: 8/36 (-19) ==---------- !!!!!
You completely miss Menkaure.
Menkaure is almost destroyed.
Menkaure hits you!!
Ouch! That really hurt!
You die...

..# ..# ..# .. #.#
########.# #SM@..†..#
#(#####..# ..........#
#.#.#...#..#
#.#.#...#..##### #
#............#######
##....##.###.......###
#.......# #######...##
.........# #.†...#
##.#####.########.....#
#. #................#


You could see Menkaure and a ball python.

Vanquished Creatures
  A scorpion (D:4)
  5 adders
  2 worms (D:3)
  A dart slug (D:2)
  2 endoplasms
  2 giant cockroaches
  3 goblins
  6 hobgoblins
  A jackal (D:2)
  2 quokkas (D:3)
  7 ball pythons
  2 frilled lizards
  5 kobolds
  3 rats (D:2)
42 creatures vanquished.

Notes
Turn   | Place    | Note
-------+----------+-------------------------------------------
     0 | D:1      | CannotBeFrozen the Demigod Warper began the quest for the
                  | Orb.
     0 | D:1      | Reached XP level 1. HP: 17/17 MP: 5/5
   199 | D:1      | Reached skill level 2 in Long Blades
   748 | D:2      | Reached XP level 2. HP: 24/24 MP: 7/7
   753 | D:2      | Learned a level 2 spell: Blink
   855 | D:2      | Reached skill level 3 in Long Blades
   917 | D:2      | Reached XP level 3. HP: 27/29 MP: 8/8
  1661 | D:3      | Reached skill level 4 in Long Blades
  1797 | D:3      | Reached skill level 1 in Throwing
  1992 | D:3      | Reached XP level 4. HP: 24/36 MP: 9/9
  2530 | D:3      | Noticed Armakuni's ghost (weakling HuAr)
  2589 | D:3      | Found a runed translucent gate.
  2589 | D:3      | Found a runed translucent gate.
  2589 | D:3      | Found a runed translucent gate.
  2596 | D:3      | You fall into a shaft and drop 1 floor!
  2663 | D:4      | Noticed Menkaure
  2670 | D:4      | Mangled by Menkaure

Illustrated notes

Levels and vault maps discovered:
D:1:      lemuel_arrival_river_bridge, layout_loops_ring,
          dreamdust_ecumenical_altar_statues, ebering_dispersal_statue_hall
D:2:      minmay_recursive_quarters, layout_rooms
D:3:      layout_basic, overflow_temple_1_default, okawaru_trees_1,
          gammafunk_ghost_icy, minmay_misc_feat_chi, kennysheep_doodads,
          grunt_ministairs_9
D:4:      layout_loops_cross, minmay_temple_entry_proselytizer, uniq_robin,
          uniq_duvessa, uniq_blork_the_orc, uniq_menkaure

Skill      XL: |  1  2  3  4 |
---------------+-------------+-----
Long Blades    | 2 3 4 |  4.0
Throwing       | 1 |  1.5
Spellcasting   | 2 |  2.0
Translocations | 3 |  3.4
Fighting       | |  1.7
Armour         | |  0.8
Dodging        | |  1.7

Action                   |  1- 3 |  4- 6 || total
-------------------------+-------+-------++-------
Melee: Falchion          |    71 |    31 ||   102
       Punch             |     3 |     1 ||     4
Throw: Dart              |    14 |     3 ||    17
       Javelin           |       |     1 ||     1
  Use: Scroll            |     2 |       ||     2
Armor: Leather armour    |    14 |    10 ||    24
Dodge: Dodged            |    46 |    21 ||    67

Table legend: (Time is in decaauts)
 A = Elapsed time spent in this place.
 B = Non-inter-level travel time spent in this place.
 C = Inter-level travel time spent in this place.
 D = Time resting spent in this place.
 E = Time spent auto-exploring this place.
 F = Levels seen in this place.
 G = Mean time per level.
                   A        B        C        D        E       F      G
               +--------+--------+--------+--------+--------+-----+--------+
         Total |   2683 |   2634 |     49 |    445 |   1469 |   4 |  670.8 |
       Dungeon |   2683 |   2634 |     49 |    445 |   1469 |   4 |  670.8 |
               +--------+--------+--------+--------+--------+-----+--------+

Top non-repeatable levels by time:
     D:3: 1077 daAuts
     D:2: 787 daAuts
     D:1: 743 daAuts
     D:4: 74 daAuts
